 Dungeon Crawl Stone Soup version 0.22-a0-231-g1b571ea (webtiles) character file.

977 TheDeThijs the Firebug (level 7, 0/36 HPs)
             Began as a Deep Elf Fire Elementalist on Feb 20, 2018.
             Slain by a scorpion (7 damage)
             ... on level 5 of the Dungeon.
             The game lasted 00:31:35 (5798 turns).

TheDeThijs the Firebug (Deep Elf Fire Elementalist) Turns: 5798, Time: 00:31:36

Health: 0/36       AC:  6    Str:  5    XL:     7   Next: 95%
Magic:  14/18      EV: 14    Int: 25    God:
Gold:   217        SH:  0    Dex: 18    Spells: 5/18 levels left

rFire    . . .     SeeInvis .   (no weapon)
rCold    . . .     Gourm    .   (no shield)
rNeg     . . .     Faith    .   a - +1 robe
rPois    .         Spirit   .   f - +2 hat {Int+3}
rElec    .         Reflect  .   (no cloak)
rCorr    .         Harm     .   q - +0 pair of gloves
MR       .....                  (no boots)
Stlth    +.........             (no amulet)
HPRegen  0.12/turn              i - ring of flight
MPRegen  0.16/turn              n - +3 ring of dexterity

@: confused, lethally poisoned (0 -> -13)
A: no striking features
a: Evoke Flight


You were on level 5 of the Dungeon.
You were not hungry.

You visited 1 branch of the dungeon, and saw 6 of its levels.

You collected 217 gold pieces.

Inventory:

Armour
 a - a +1 robe (worn)
 d - a scarf of spirit shield
 f - a +2 hat of intelligence (worn)
 j - a +0 buckler
 q - a +0 pair of gloves (worn)
Jewellery
 i - a ring of flight (left hand)
 n - a +3 ring of dexterity (right hand)
Wands
 e - a wand of iceblast (4)
 m - a wand of polymorph (11)
Scrolls
 c - 7 scrolls of identify {unknown}
 k - a scroll of enchant weapon {unknown}
 p - a scroll of remove curse
 r - a scroll of blinking {unknown}
Potions
 g - a potion of berserk rage {unknown}
 h - a potion of ambrosia
 l - a potion of agility {unknown}
 o - a potion of magic
Comestibles
 b - 11 rations


   Skills:
 + Level 3.6 Dodging
 + Level 3.6 Stealth
 + Level 6.3 Spellcasting
 + Level 4.8 Conjurations
 + Level 7.3 Fire Magic


You had 5 spell levels left.
You knew the following spells:

 Your Spells              Type           Power        Failure   Level  Hunger
a - Flame Tongue          Conj/Fire      #####        1%          1    None
b - Throw Flame           Conj/Fire      #####.       1%          2    None
c - Conjure Flame         Conj/Fire      #####...     1%          3    None
d - Animate Skeleton      Necr           N/A          7%          1    None
e - Apportation           Tloc           #.....       7%          1    None
f - Fireball              Conj/Fire      #####.....   16%         5    #####..


Dungeon Overview and Level Annotations

Branches:
Dungeon (6/15)
 Temple: D:4-7

Altars:
Ashenzari
Qazlal
Uskayaw

Annotations:
D:6 2 transporters


Message History

The scorpion poisons you!
There is a stone staircase leading up here.
You feel sick.
The orc wizard mumbles some strange words.
The orc wizard blinks!
The adder closely misses you. The gnoll closely misses you.
The scorpion stings you.
* * * LOW HITPOINT WARNING * * *
You climb upwards.
* * * LOW HITPOINT WARNING * * *
You feel sick.
There is a stone staircase leading down here.
It was a potion of ambrosia.
You are confused.
You feel invigorated.
You feel sick. The adder bites you.
* * * LOW HITPOINT WARNING * * *
You are lethally poisoned!
The adder poisons you! The gnoll hits you with a whip.
* * * LOW HITPOINT WARNING * * *
The scorpion stings you!
You die...

#
#####..##.#######.#
# ##.##.........# #
#######
#.##.######### #
#.....# #.##.# #
#.....# #..#.#
#####.....####.#.#
.................#
)....##........gS#
.....##........s@#
.....##........###
.....##........#
.....##........#
#######........#
#........#
#........#
#........#
##########


You could see a scorpion, a gnoll and an adder.

Vanquished Creatures
  Sigmund (D:3)
  A sky beast (D:6)
  An ogre (D:4)
  A scorpion (D:4)
  A jelly (D:5)
  A hound (D:4)
  A bullfrog skeleton (D:5)
  2 iguanas (D:4)
  Terence (D:3)
  Ijyb (D:3)
  5 worker ants
  A hound skeleton (D:4)
  4 gnolls
  9 adders
  A shadow imp (D:5)
  2 oozes
  An adder zombie (D:6)
  3 worms
  5 dart slugs
  The ghost of Amnesiac the Charlatan, a weakling SpAr (D:4)
  6 leopard geckos
  11 orcs
  A ball python (D:5)
  11 bats
  3 giant cockroaches
  9 goblins
  7 hobgoblins
  2 jackals (D:1)
  5 frilled lizards
  10 kobolds
  A leopard gecko skeleton (D:4)
  A quokka zombie (D:5)
  10 rats
120 creatures vanquished.

Notes
Turn   | Place    | Note
-------+----------+-------------------------------------------
     0 | D:1      | TheDeThijs the Deep Elf Fire Elementalist began the quest for the Orb.
     0 | D:1      | Reached XP level 1. HP: 10/10 MP: 6/6
   371 | D:1      | Reached XP level 2. HP: 15/15 MP: 6/8
   423 | D:1      | Learned a level 2 spell: Throw Flame
   915 | D:1      | Reached XP level 3. HP: 19/19 MP: 0/9
   920 | D:1      | Learned a level 3 spell: Conjure Flame
  1529 | D:2      | Reached skill level 4 in Fire Magic
  2040 | D:2      | Reached XP level 4. HP: 23/24 MP: 4/11
  2962 | D:3      | Noticed Terence
  2970 | D:3      | Noticed Ijyb
  3141 | D:3      | Killed Ijyb
  3141 | D:3      | Reached XP level 5. HP: 26/28 MP: 6/13
  3253 | D:3      | Killed Terence
  3253 | D:3      | Reached skill level 5 in Fire Magic
  3489 | D:3      | Noticed Sigmund
  3506 | D:3      | Killed Sigmund
  3506 | D:3      | Reached XP level 6. HP: 31/32 MP: 0/15
  3620 | D:3      | Reached skill level 5 in Spellcasting
  3638 | D:3      | Found a hide-covered altar of Uskayaw.
  3871 | D:4      | Reached skill level 6 in Fire Magic
  3907 | D:4      | Found a shattered altar of Ashenzari.
  4012 | D:4      | Learned a level 1 spell: Animate Skeleton
  4014 | D:4      | Learned a level 1 spell: Apportation
  4024 | D:4      | Noticed Amnesiac's ghost (weakling SpAr)
  4025 | D:4      | Killed Amnesiac's ghost
  4026 | D:4      | Found a stormy altar of Qazlal.
  4148 | D:4      | Reached XP level 7. HP: 36/36 MP: 10/17
  4627 | D:5      | Entered Level 5 of the Dungeon
  4933 | D:5      | Reached skill level 7 in Fire Magic
  5367 | D:5      | Learned a level 5 spell: Fireball
  5747 | D:6      | Found a transporter.
  5747 | D:6      | Found a transporter.
  5798 | D:5      | Slain by a scorpion

Vault maps used:
D:1:      lemuel_arrival_cross, minmay_misc_feat_iff
D:2:      st_stairs_1, kennysheep_generic_room_16
D:3:      lemuel_coloured_pillars_altar, first_ration, uniq_terence, uniq_ijyb,
          uniq_sigmund
D:4:      lemuel_crystal_altar, old_standard_altar
D:6:      gammafunk_steamed_eel, nicolae_overflow_hidden_temple,
          elyvilon_altar_3

Skill      XL: |  1  2  3  4  5  6  7 |
---------------+----------------------+-----
Conjurations   | 2 3 4 |  4.8
Fire Magic     | 4 5 6 7 |  7.3
Dodging        | 3 |  3.6
Stealth        | 3 |  3.6
Spellcasting   | 4 5 6 |  6.3

Action                   |  1- 3 |  4- 6 |  7- 9 || total
-------------------------+-------+-------+-------++-------
Melee: Unarmed           |    31 |     1 |     1 ||    33
 Cast: Flame Tongue      |    50 |    54 |    45 ||   149
       Throw Flame       |    25 |    57 |    41 ||   123
       Conjure Flame     |       |     4 |     3 ||     7
       Animate Skeleton  |       |     1 |     2 ||     3
       Fireball          |       |       |     2 ||     2
  Use: Scroll            |       |     4 |       ||     4
       Potion            |       |     2 |     1 ||     3
  Eat: Chunk             |     4 |     7 |     6 ||    17
Armor: Robe              |    23 |    11 |     7 ||    41
Dodge: Dodged            |    66 |    34 |    24 ||   124

Table legend:
 A = Spawn XP
 B = Non-spawn XP
 C = Spawn XP percentage of total XP
 D = Spawn monster count
 E = Non-spawn monster count
 F = Spawn count percentage of total count
 G = Total turns spent on level
                    A         B        C        D         E        F      G
               +---------+---------+-------+---------+---------+-------+---------
         Total |       0 |    1397 |   0.0 |       0 |     120 |   0.0 |  5798
               +---------+---------+-------+---------+---------+-------+---------
           D:1 |       0 |      45 |   0.0 |       0 |      26 |   0.0 |  1396
           D:2 |       0 |     114 |   0.0 |       0 |      32 |   0.0 |  1420
           D:3 |       0 |     360 |   0.0 |       0 |      22 |   0.0 |  1016
           D:4 |       0 |     366 |   0.0 |       0 |      17 |   0.0 |   900
           D:5 |       0 |     258 |   0.0 |       0 |      16 |   0.0 |   977
           D:6 |       0 |     254 |   0.0 |       0 |       7 |   0.0 |    89
               +---------+---------+-------+---------+---------+-------+---------
